 Dungeon Crawl Stone Soup version 0.23.2 (webtiles) character file.

Game seed: 17572898436131663296

1521 Acheron the Ruffian (level 8, -1/67 HPs)
             Began as a Ghoul Gladiator on Apr 3, 2019.
             Slain by a wraith (5 damage)
             ... on level 6 of the Dungeon.
             The game lasted 00:39:23 (7519 turns).

Acheron the Ruffian (Ghoul Gladiator)               Turns: 7519, Time: 00:39:23

Health: -1/67      AC:  9    Str: 18    XL:     8   Next: 84%
Magic:  10/10      EV: 13    Int:  5    God:
Gold:   285        SH:  0    Dex: 10    Spells: 11/11 levels left

rFire    + . .     SeeInvis .     - Unarmed
rCold    + . .     Gourm    .   (no shield)
rNeg     + + +     Faith    .   i - +0 steam dragon scales
rPois    ∞         Spirit   .   b - +0 helmet
rElec    .         Reflect  .   (no cloak)
rCorr    .         Harm     .   (no gloves)
MR       .....                  o - +1 pair of boots
Stlth    ++........             (no amulet)
HPRegen  0.00/turn              x - ring of protection from fire
MPRegen  0.12/turn              (no ring)

@: rotting, slowed, very slow
A: rotting body, claws 1, carnivore, cold resistance 1, negative energy
resistance 3, inhibited regeneration, torment resistance, unbreathing
a: no special abilities


You were on level 6 of the Dungeon.
You were not hungry.

You visited 2 branches of the dungeon, and saw 10 of its levels.

You collected 285 gold pieces.

Inventory:

Hand Weapons
 n - a +0 halberd
 q - a +0 rapier
 r - a +0 war axe
 A - a +1 antimagic dagger
 E - a +1 spear of venom
Missiles
 c - 2 throwing nets
 f - 27 sling bullets
 g - 154 stones
 k - 7 javelins (quivered)
 p - 17 poisoned needles
Armour
 b - a +0 helmet (worn)
 i - +0 steam dragon scales (worn)
 o - a +1 pair of boots (worn)
 u - a +0 pair of gloves
Jewellery
 h - an uncursed ring of fire
 x - a ring of protection from fire (left claw)
 y - an uncursed ring of ice
Wands
 G - a wand of disintegration (6)
Scrolls
 B - 3 scrolls of remove curse
 I - 2 scrolls of immolation
Potions
 e - a potion of heal wounds {unknown}
 j - a potion of haste {unknown}
 l - a potion of brilliance {unknown}
 t - 2 potions of might
 v - 3 potions of flight
 H - 3 potions of agility
Comestibles
 d - 8 rations


   Skills:
 * Level 4.3 Fighting
 * Level 3.0 Axes
 * Level 3.7 Throwing
 * Level 4.0 Armour
 * Level 4.2 Dodging
 * Level 4.0 Stealth
 + Level 5.9 Unarmed Combat
 * Level 2.0 Spellcasting
 * Level 0.2 Evocations


You had 11 spell levels left.
You didn't know any spells.
Your spell library was empty.

Dungeon Overview and Level Annotations

Branches:
Dungeon (9/15)             Temple (1/1) D:7
   Lair: D:8-11         Orc: D:9-12

Altars:
Dithmenos
Elyvilon
Fedhas
Hepliaklqana
Kikubaaqudgha
Qazlal
Ru
Sif Muna
Trog
Uskayaw
Wu Jian
Xom
Yredelemnul
Zin
The Shining One

Annotations:
D:5 2 transporters, zyhmos's ghost, novice MiBe
D:7 1 transporter, mess's ghost, novice TrFi
D:8 exclusion: downstairs


Innate Abilities, Weirdness & Mutations

Your body is rotting away.
You thrive on raw meat.
You are immune to poison.
You have sharp fingernails.
You are carnivorous and can eat meat at any time.
Your flesh is cold resistant. (rC+)
You are immune to negative energy. (rN+++)
You do not regenerate when monsters are visible.
You are immune to unholy pain and torment.
You can survive without breathing.


Message History

Aim: a wraith (heavily damaged, chance to defeat MR: 30%)
The wraith easily resists.
The wraith hits you but does no damage. The wraith hits you!
* * * LOW HITPOINT WARNING * * *
The wraith drains your vigour!
You feel as though you will be slow longer.
The wraith hits you.
* * * LOW HITPOINT WARNING * * *
There is an open door here.
Okay, then.
Okay, then.
You feel better. The wraith hits you.
* * * LOW HITPOINT WARNING * * *
The wraith barely misses you.
Wield which item (- for none, * to show all)? (? for menu, Esc to quit)
You are now empty-clawed.
You completely miss the wraith.
The wraith is heavily damaged.
The wraith hits you but does no damage. The wraith hits you.
You die...

.....##.# ....##
.# ##.## .# #.$
# ..#
########### .#
#>...#...>#
#....#....#
#....#....#
#..@.#....#
####W#'#########
#....#....#....#
#...)#..⌠.#....#
#....#.⌠..#....#
+....#....'....#
###########....#
#....# #...)#


You could see a wraith.

Vanquished Creatures
  A steam dragon (D:7)
  Duvessa (D:7)
  A hornet zombie (D:6)
  An orc warrior (D:7)
  A sky beast (D:7)
  A centaur (D:7)
  Dowan (D:7)
  A scorpion (D:5)
  2 crimson imps (D:6)
  A howler monkey (D:4)
  A centaur skeleton (D:5)
  2 orc priests
  A hound (D:7)
  7 worker ants
  4 orc wizards
  3 gnolls (D:3)
  A howler monkey skeleton (D:5)
  17 adders
  An adder skeleton (D:4)
  An adder zombie (D:7)
  4 worms
  A dart slug (D:2)
  5 leopard geckos
  20 orcs
  3 giant cockroaches
  9 goblins
  4 hobgoblins
  8 jackals
  5 quokkas
  A ball python (D:5)
  8 bats
  9 frilled lizards
  6 kobolds
  A quokka skeleton (D:7)
  12 rats
145 creatures vanquished.

Notes
Turn   | Place    | Note
-------+----------+-------------------------------------------
     0 | D:1      | Acheron the Ghoul Gladiator began the quest for the Orb.
     0 | D:1      | Reached XP level 1. HP: 17/17 MP: 0/0
   297 | D:1      | Reached XP level 2. HP: 24/24 MP: 1/1
   851 | D:2      | Reached skill level 1 in Stealth
   851 | D:2      | Reached XP level 3. HP: 22/29 MP: 2/2
  1044 | D:2      | Reached skill level 1 in Armour
  1322 | D:2      | Reached XP level 4. HP: 30/37 MP: 3/3
  1384 | D:2      | Reached skill level 4 in Unarmed Combat
  2168 | D:4      | Reached XP level 5. HP: 41/42 MP: 4/4
  2221 | D:5      | Entered Level 5 of the Dungeon
  3175 | D:3      | Found a glowing golden altar of the Shining One.
  3546 | D:4      | Reached XP level 6. HP: 51/51 MP: 5/5
  3922 | D:4      | Found a deep blue altar of Sif Muna.
  3922 | D:4      | Found a white marble altar of Elyvilon.
  4250 | D:5      | Found a transporter.
  4260 | D:5      | Found a transporter.
  4261 | D:5      | Noticed zyhmos's ghost (novice MiBe)
  4396 | D:5      | Reached skill level 1 in Axes
  4396 | D:5      | Reached skill level 5 in Unarmed Combat
  4396 | D:5      | Reached XP level 7. HP: 47/57 MP: 7/7
  4429 | D:5      | Found a shimmering altar of Xom.
  4551 | D:7      | Found a staircase to the Ecumenical Temple.
  4585 | D:7      | Reached skill level 1 in Spellcasting
  4589 | Temple   | Entered the Ecumenical Temple
  4774 | D:7      | Noticed Dowan
  4808 | D:7      | Found a transporter.
  4811 | D:7      | Noticed mess's ghost (novice TrFi)
  4860 | D:7      | Found a sacrificial altar of Ru.
  5218 | D:7      | Noticed Duvessa
  5269 | D:7      | Noticed a steam dragon
  5281 | D:7      | Killed Duvessa
  5281 | D:7      | Reached XP level 8. HP: 44/66 MP: 9/9
  5736 | D:8      | Noticed a death yak
  6215 | D:8      | Noticed a two-headed ogre
  6290 | D:8      | Found an ornate altar of the Wu Jian Council.
  6928 | D:7      | Killed Dowan
  7498 | D:6      | Noticed a wraith
  7515 | D:6      | HP: 2/67 [wraith (3)]
  7519 | D:6      | Slain by a wraith

Skill      XL: |  1  2  3  4  5  6  7  8 |
---------------+-------------------------+-----
Throwing       | 2 3 |  3.7
Stealth        | 1 2 3 4 |  4.0
Armour         | 1 2 3 4 |  4.0
Unarmed Combat | 4 5 |  5.9
Dodging        | 3 4 |  4.2
Fighting       | 3 4 |  4.3
Axes           | 1 3 |  3.0
Spellcasting   | 1 2 |  2.0
Evocations     | |  0.2

Action                   |  1- 3 |  4- 6 |  7- 9 || total
-------------------------+-------+-------+-------++-------
Melee: Unarmed           |   137 |   279 |   125 ||   541
       Punch             |       |     8 |     4 ||    12
       War axe           |       |       |   141 ||   141
Throw: Javelin           |       |     8 |       ||     8
       Throwing net      |       |     1 |       ||     1
Evoke: Wand              |       |       |     9 ||     9
  Use: Scroll            |       |     8 |     7 ||    15
       Potion            |       |       |     2 ||     2
 Stab: Sleeping          |       |     2 |     2 ||     4
       Held in net/web   |       |     1 |       ||     1
  Eat: Chunk             |     8 |    26 |    21 ||    55
Armor: Leather armour    |    11 |       |       ||    11
       Ring mail         |    36 |    92 |    40 ||   168
       Scale mail        |       |       |    54 ||    54
       Steam dragon scal |       |       |    35 ||    35
Dodge: Dodged            |    59 |   113 |   189 ||   361
